 Dungeon Crawl Stone Soup version 0.21-a0-196-g6a663c0 (webtiles) character file.

3048 tehllama the Ruffian (level 9, -11/61 HPs)
             Began as an Octopode Transmuter on Aug 16, 2017.
             Was a Follower of Cheibriados.
             Mangled by a hornet zombie (14 damage)
             ... on level 7 of the Dungeon.
             The game lasted 00:19:49 (8829 turns).

tehllama the Ruffian (Octopode Transmuter)          Turns: 8829, Time: 00:19:51

Health: -11/61     AC:  1    Str: 15    XL:     9   Next: 87%
Magic:  0/30       EV: 15    Int: 17    God:    Cheibriados [*.....]
Gold:   442        SH:  0    Dex: 14    Spells: 6/16 levels left

rFire    . . .     SeeInvis +   y - staff of power
rCold    . . .     Gourm    .   (no shield)
rNeg     . . .     Faith    .   (helmet restricted)
rPois    +         Spirit   +   d - amulet of guardian spirit
rElec    .         Reflect  .   s - ring of see invisible
rCorr    +         Harm     .   A - ring of poison resistance
MR       .....                  B - ring of resist corrosion
Stlth    ++++......             (no ring)
HPRegen  0.20/turn              (no ring)
MPRegen  0.22/turn              (no ring)
                                (no ring)
                                (no ring)

@: appendage, very slow
A: almost no armour, stealthy swim, amphibious, 8 rings, constrict 8, tentacle
spike 3, camouflage 1, gelatinous body 1
a: End Transformation, Bend Time, Renounce Religion


You were on level 7 of the Dungeon.
You worshipped Cheibriados.
Cheibriados was aware of your devotion.
You were not hungry.
One of your tentacles had a temporary spike.
You visited 2 branches of the dungeon, and saw 8 of its levels.

You collected 442 gold pieces.

Inventory:

Missiles
 a - 67 arrows
Magical Staves
 t - an uncursed staff of summoning
 y - an uncursed staff of power (weapon)
Jewellery
 d - an amulet of guardian spirit (around mantle)
 r - an uncursed amulet of faith
 s - a ring of see invisible (left tentacle)
 A - a ring of poison resistance (right tentacle)
 B - a ring of resist corrosion (on tentacle)
 F - an uncursed ring of flight
Wands
 u - a wand of enslavement (0/24)
 E - a wand of random effects (20/48)
 G - a wand of confusion (25/48)
Scrolls
 e - 4 scrolls of teleportation
 l - 9 scrolls of remove curse
 m - 2 scrolls of fog {unknown}
 o - 4 scrolls of recharging {unknown}
 p - a scroll of random uselessness
 x - a scroll of immolation
Potions
 i - 2 potions of cancellation
 k - a potion of berserk rage
 n - a potion of invisibility
 q - 2 potions of curing
 v - a potion of brilliance
 w - a potion of flight
 z - a potion of agility {unknown}
 C - a potion of lignification {unknown}
 D - a potion of haste {unknown}
 I - a potion of mutation {unknown}
Books
 b - a book of Changes

   Spells                             Type                      Level
   a - Beastly Appendage              Transmutation                1
   b - Sticks to Snakes               Transmutation                2
   c - Spider Form                    Transmutation/Poison         3
   d - Ice Form                       Ice/Transmutation            4
   e - Blade Hands                    Transmutation                5
Comestibles
 c - 5 bread rations
 f - 4 meat rations
 g - 2 royal jellies
 H - 11 chunks of flesh


   Skills:
 + Level 5.0 Fighting
 + Level 4.8 Dodging
 + Level 7.1 Stealth
 * Level 7.4 Unarmed Combat
 + Level 4.4 Spellcasting
 + Level 5.0 Transmutations
 + Level 2.0 Ice Magic
 - Level 4.3 Poison Magic


You had 6 spell levels left.
You knew the following spells:

 Your Spells              Type           Power        Failure   Level  Hunger
a - Beastly Appendage     Tmut           ###...       1%          1    None
b - Sticks to Snakes      Tmut           ###.....     2%          2    ##.....
c - Spider Form           Tmut/Pois      ###.......   7%          3    ###....
d - Ice Form              Ice/Tmut       ###.....     34%         4    ####...


Dungeon Overview and Level Annotations

Branches:
Dungeon (7/15)             Temple (1/1) D:7

Altars:
Ashenzari
Cheibriados
Dithmenos
Elyvilon
Fedhas
Kikubaaqudgha
Nemelex Xobeh
Okawaru
Qazlal
Ru
Sif Muna
Trog
Wu Jian
Yredelemnul


Innate Abilities, Weirdness & Mutations

You cannot wear most types of armour.
You are very stealthy in the water. (Stealth+)
You are amphibious.
You can wear up to eight rings at the same time.
You can use your tentacles to constrict eight enemies at once.
Your skin changes colour to match your surroundings (Stealth+).
Your rubbery body absorbs attacks. (AC +1, EV +1)
One of your tentacles bears a large vicious spike.


Message History

The hornet zombie is almost destroyed.
The hornet zombie hits you!
* * * LOW HITPOINT WARNING * * *
You hit the hornet zombie but do no damage.
The hornet zombie is almost destroyed.
The hornet zombie completely misses you.
You feel better.
Your transformation has ended.
Your uncursed staff of power unmelds from your body.
You feel your magic capacity increase. The hornet zombie hits you!
* * * LOW HITPOINT WARNING * * *
You feel better. The hornet zombie hits you!
* * * LOW HITPOINT WARNING * * *
Casting: Spider Form
Confirm with . or Enter, or press ? or * to list all spells.
One of your tentacles grows a vicious spike.
The hornet zombie hits you!
* * * LOW HITPOINT WARNING * * *
The hornet zombie hits you!
You die...

#..##......#.## #.###..###....#
#.....##.##.#.##
###.##..#.(?#.#..#
######.......##.##[##.#
#.........#)###.#.....#
#.####...##..##S#####.## ####.#
##..#....Z#.S?.##.#
.....#####..#...@##SJ...#.##
#######.....##..###?.?..#..#
#######......####.#$....#..#
#..........#......##...##..#####
#.#####............#####.......#
#..####.######............####.#
........# #.###.......## #.#
.#.##...# #.# #####.### #.#
.#...#..#### #.# #.# #.#


You could see an adder and a hornet zombie.

Vanquished Creatures
  A two-headed ogre (D:6)
  A steam dragon (D:7)
  An ice beast (D:6)
  3 black bears
  A phantom (D:6)
  A sky beast (D:7)
  2 ogres
  A centaur (D:6)
  4 killer bees
  3 bullfrogs
  A scorpion (D:5)
  A howler monkey (D:6)
  3 vampire bats (D:5)
  A bullfrog zombie (D:7)
  3 crimson imps
  2 jellies (D:7)
  2 hounds
  2 centaur skeletons
  Crazy Yiuf (D:5)
  3 bullfrog skeletons
  2 iguanas
  3 orc wizards
  5 worker ants
  A hound zombie (D:6)
  Robin (D:3)
  12 adders
  3 gnolls (D:5)
  An adder skeleton (D:7)
  2 adder zombies
  3 worms
  A dart slug (D:2)
  3 leopard geckos
  13 orcs
  2 bat skeletons (D:5)
  3 bat zombies (D:5)
  2 giant cockroaches
  5 hobgoblins
  10 jackals
  5 quokkas
  3 ball pythons
  3 bats (D:2)
  5 frilled lizards
  12 goblins
  A jackal zombie (D:6)
  3 kobolds
  A leopard gecko skeleton (D:4)
  2 leopard gecko zombies
  2 quokka skeletons
  9 rats
  A fungus (D:5)
156 creatures vanquished.

Vanquished Creatures (collateral kills)
  A killer bee (D:6)
  A jelly (D:4)
2 creatures vanquished.

Vanquished Creatures (others)
  A killer bee (D:7)
  An adder (D:7)
2 creatures vanquished.

Grand Total: 160 creatures vanquished

Notes
Turn   | Place    | Note
-------+----------+-------------------------------------------
     0 | D:1      | tehllama the Octopode Transmuter began the quest for the Orb.
     0 | D:1      | Reached XP level 1. HP: 13/13 MP: 3/3
    21 | D:1      | You fall through a shaft!
   128 | D:2      | Reached XP level 2. HP: 8/18 MP: 3/5
   412 | D:2      | Found a sparkling altar of Nemelex Xobeh.
   816 | D:2      | Reached XP level 3. HP: 25/25 MP: 6/6
  1260 | D:2      | Found a deep blue altar of Sif Muna.
  1463 | D:3      | Reached skill level 1 in Stealth
  1786 | D:3      | Reached XP level 4. HP: 26/31 MP: 4/7
  1791 | D:3      | Noticed a bullfrog
  1798 | D:3      | Killed a bullfrog
  1798 | D:3      | Reached XP level 5. HP: 20/37 MP: 4/8
  2167 | D:3      | Noticed Robin
  2192 | D:3      | Killed Robin
  3235 | D:3      | Learned a level 2 spell: Sticks to Snakes
  3239 | D:3      | Learned a level 3 spell: Spider Form
  3380 | D:4      | Reached XP level 6. HP: 44/44 MP: 6/9
  3402 | D:4      | Found a blossoming altar of Fedhas.
  3854 | D:4      | Noticed a black bear
  3866 | D:4      | Killed a black bear
  3866 | D:4      | Reached skill level 1 in Poison Magic
  3866 | D:4      | Reached XP level 7. HP: 33/49 MP: 5/10
  4041 | D:5      | Entered Level 5 of the Dungeon
  4196 | D:5      | Found a shadowy altar of Dithmenos.
  4695 | D:5      | Found an ancient bone altar of Kikubaaqudgha.
  4703 | D:5      | Reached skill level 5 in Unarmed Combat
  4998 | D:5      | Reached XP level 8. HP: 21/54 MP: 12/12
  5402 | D:5      | Found a runed door.
  5437 | D:5      | Noticed Crazy Yiuf
  5447 | D:5      | Killed Crazy Yiuf
  6155 | D:6      | Reached skill level 5 in Stealth
  6369 | D:6      | Noticed a two-headed ogre
  6386 | D:6      | Killed a two-headed ogre
  6386 | D:6      | Reached XP level 9. HP: 50/59 MP: 11/14
  6481 | D:6      | Learned a level 4 spell: Ice Form
  6544 | D:6      | Found an iron altar of Okawaru.
  7080 | D:6      | Reached skill level 1 in Ice Magic
  7689 | D:7      | Found a staircase to the Ecumenical Temple.
  7698 | D:7      | Found an ornate altar of the Wu Jian Council.
  7711 | Temple   | Entered the Ecumenical Temple
  7739 | Temple   | Became a worshipper of Cheibriados the Contemplative
  8404 | D:7      | Found a shattered altar of Ashenzari.
  8615 | D:7      | Reached * piety under Cheibriados
  8619 | D:7      | Reached skill level 5 in Transmutations
  8815 | D:7      | Reached skill level 5 in Fighting
  8829 | D:7      | HP: 3/61 [hornet zombie (10)]
  8829 | D:7      | Mangled by a hornet zombie

Vault maps used:
D:1:      dpeg_arrival_water_temple_mockup
D:2:      nemelex_xobeh_ov_fountains_minmay, lemuel_blue_sif_altar,
          serial_undead, serial_undead_b, serial_undead_e, serial_undead_d,
          serial_undead_c
D:3:      uniq_robin
D:4:      black_bear_nest_1, first_bread, fedhas_altar_2
D:5:      kennysheep_vampire_church, nicolae_dithmenos_the_darkroom,
          uniq_crazy_yiuf_cottage
D:6:      nicolae_overflow_crystal_walls
D:7:      evilmike_ruin_ashenzari, lemuel_crystal_altar,
          overflow_temple_1_default, temple_fountains, minmay_joined_circles
Temple:   compressed_dpeg_triangle_lava_temple

Skill      XL: |  1  2  3  4  5  6  7  8  9 |
---------------+----------------------------+-----
Fighting       | 2 3 4 5 |  5.0
Stealth        | 1 2 3 4 6 7 |  7.1
Unarmed Combat | 4 5 6 7 |  7.4
Poison Magic   | 1 2 4 |  4.3
Dodging        | 3 4 |  4.8
Transmutations | 3 4 5 |  5.0
Spellcasting   | 3 4 |  4.4
Ice Magic      | 2 |  2.0

Action                   |  1- 3 |  4- 6 |  7- 9 || total
-------------------------+-------+-------+-------++-------
Melee: Unarmed           |    77 |   100 |    92 ||   269
       Constrict         |    18 |    24 |    64 ||   106
       Tentacles         |     8 |    14 |    57 ||    79
       Kick              |     7 |    13 |    65 ||    85
       Punch             |     5 |     1 |    10 ||    16
       Staff             |       |       |   240 ||   240
 Cast: Beastly Appendage |    16 |    14 |    41 ||    71
       Sticks to Snakes  |       |     2 |     7 ||     9
       Spider Form       |       |     2 |     7 ||     9
Evoke: Wand              |       |       |     6 ||     6
  Use: Potion            |       |     2 |     4 ||     6
       Scroll            |       |       |    12 ||    12
 Stab: Sleeping          |     7 |     3 |    13 ||    23
       Distracted        |       |       |     1 ||     1
  Eat: Chunk             |     2 |     6 |     6 ||    14
       Royal jelly       |       |     1 |     6 ||     7
Armor: Skin              |     8 |     5 |    19 ||    32
Dodge: Dodged            |    43 |    83 |   298 ||   424
